 Dungeon Crawl Stone Soup version 0.31-a0-175-g9f7f995f2b (webtiles) character file.

Game seed: 10734619214709151501

3076 qw the Nimble (level 9, -2/56 HPs)
             Began as a Gargoyle Fighter on June 17, 2023.
             Was an Initiate of Okawaru.
             Slain by Maurice
             ... wielding a +4 short sword of freezing
              (13 damage)
             ... on level 8 of the Dungeon.
             The game lasted 00:04:06 (7287 turns).

qw the Nimble (Gargoyle Fighter)                    Turns: 7287, Time: 00:04:06

Health: -2/56      AC:  0    Str: 23    XL:     9   Next: 88%
Magic:  9/9        EV: 26    Int: 10    God:    Okawaru [......]
Gold:   792        SH:  5    Dex: 14    Spells: 8/8 levels left

rFire   . . .        Y - melded +4 war axe
rCold   . . .        c - melded +0 buckler
rNeg    + . .        b - melded +0 plate armour
rPois   inf          (helmet currently unavailable)
rElec   .            v - melded +0 cloak
rCorr   .            (gloves currently unavailable)
SInv    .            k - melded +0 pair of boots
Will    .....        p - amulet of reflection
Stlth   +            n - melded ring of protection from cold
HPRegen 0.29/turn    (ring currently unavailable)
MPRegen 0.11/turn

%: reflection
@: about to teleport, bat-form, flying, very quick
A: fast, flying, no casting, sickness immunity, AC +6, tiny, negative energy
resistance 1, (electricity resistance), torment resistance 1, petrification
resistance
a: Renounce Religion


You were on level 8 of the Dungeon.
You worshipped Okawaru.
Okawaru was noncommittal.
You were a bat.
You visited 2 branches of the dungeon, and saw 9 of its levels.
You also visited: Sewer and Ossuary.

You collected 792 gold pieces.


Innate Abilities, Weirdness & Mutations

You are a bat.
You are tiny and dextrous.
You move quickly.
You are flying.
Your equipment is almost entirely melded.
You are incapable of wielding weapons or throwing items.
You cannot cast spells.
You are immune to sickness and miasma.
((Your stone body is resilient. (AC +6)))
You are immune to poison.
You resist negative energy. (rN+)
((You are resistant to electric shocks. (rElec)))
You are resistant to unholy torment.
You are immune to petrification.


   Skills:
 - Level 6.4 Fighting
 - Level 10.0 Axes
 - Level 1.2 Throwing
 + Level 4.0 Armour
 - Level 10.6 Dodging
 - Level 4.0 Shields


You had 8 spell levels left.
You didn't know any spells.
Your spell library was empty.

Inventory:

Hand Weapons
 Y - a +4 war axe (melded)
Missiles
 t - 2 boomerangs (quivered)
Armour
 b - a +0 plate armour (melded)
 c - a +0 buckler (melded)
 k - a +0 pair of boots (melded)
 v - a +0 cloak (melded)
Jewellery
 n - a ring of protection from cold (melded)
 p - an amulet of reflection (around neck)
Scrolls
 j - 2 scrolls of teleportation
Potions
 d - 4 potions of might
 f - a potion of haste
 h - 2 potions of lignification
 i - 2 potions of attraction
 l - 3 potions of curing
 m - a potion of enlightenment
 o - a potion of magic
 q - a potion of degeneration {unknown}
 s - a potion of heal wounds

Dungeon Overview and Level Annotations

Branches:
Dungeon (8/15)             Temple (1/1) D:6           Sewer (visited)
Ossuary (visited)
   Lair: D:8-11

Altars:
Cheibriados
Dithmenos
Elyvilon
Fedhas
Hepliaklqana
Kikubaaqudgha
Makhleb
Nemelex Xobeh
Okawaru
Qazlal
Ru
Sif Muna
Trog
Uskayaw
Vehumet
Wu Jian
Xom
Yredelemnul
Zin
The Shining One

Shops:
D:4 :

Annotations:
D:5 2 transporters
D:8 Maurice


Message History

Maurice is lightly wounded.
Maurice hits you with a +4 short sword of freezing!
Maurice steals your ring of ice!
Maurice puts on a ring of ice.
Maurice freezes you.
You hit Maurice.
Maurice is lightly wounded.
You hit Maurice.
Maurice is lightly wounded.
Maurice drinks a potion.
Maurice seems to speed up.
You hit Maurice.
Maurice is lightly wounded.
Maurice barely misses you.
You closely miss Maurice.
Maurice is lightly wounded.
You block Maurice's attack. Maurice completely misses you.
You hit Maurice but do no damage.
Maurice is lightly wounded.
Maurice closely misses you.
You hit Maurice.
Maurice is moderately wounded.
Maurice barely misses you.
You hit Maurice.
Maurice is moderately wounded.
Maurice misses you. You block Maurice's attack.
You hit Maurice but do no damage.
Maurice is moderately wounded.
Maurice hits you with a +4 short sword of freezing!
Maurice steals your scroll of identify! Maurice freezes you.
You hit Maurice.
Maurice is moderately wounded.
You block Maurice's attack.
You hit Maurice.
Maurice is heavily wounded.
Maurice hits you with a +4 short sword of freezing.
Maurice steals your +0 flail!
Maurice freezes you.
7287 ||| READING 3 scrolls of teleportation.
As you read the scroll of teleportation, it crumbles to dust.
You feel strangely unstable.
Maurice hits you with a +4 short sword of freezing!
You die...

.## . ## ##.# #.. #
##. #..##.. ####...
#..... ......
.######.... .....
............ ...#
##.......... ...#
#.........@# ...#
##...... #.b##
...###......# #...##
...##.......# #....#
#..#........###..##.#
#............##.##
#.# #.##.#...####.#.#
#.# ####.#..## ##.##
#$. ##..## ### ..
##.#


You could see Maurice (fast, swift).

Vanquished Creatures
  Grinder (D:5)
  Eustachio (D:5)
  3 steam dragons
  Edmund (D:5)
  A water moccasin (D:6)
  2 ice beasts
  A sky beast (D:7)
  An ogre (D:5)
  A phantom (D:6)
  A kobold brigand (Sewer)
  A scorpion (D:4)
  7 hounds
  A gnoll bouda (D:7)
  2 iguanas
  Jessica (D:2)
  An orc wizard (D:6)
  8 mummies (Ossuary)
  18 gnolls
  10 adders
  A river rat (D:3)
  A shadow imp (D:6)
  2 white imps (D:6)
  An ufetubus (D:6)
  3 worms
  4 dart slugs
  17 orcs
  15 ball pythons
  7 endoplasms
  5 giant cockroaches
  7 goblins
  6 hobgoblins
  5 jackals
  16 kobolds
  3 quokkas
  13 bats
  5 frilled lizards
  A gnoll zombie (Ossuary)
  A hobgoblin zombie (Ossuary)
  4 kobold zombies (Ossuary)
  2 orc zombies (Ossuary)
  9 rats
190 creatures vanquished.

Notes
Turn   | Place    | Note
-------+----------+-------------------------------------------
     0 | D:1      | qw the Gargoyle Fighter began the quest for the Orb.
     0 | D:1      | Reached XP level 1. HP: 14/14 MP: 1/1
     0 | D:1      | 0 ||| qw: Version: 0.3-a-2-g5ab2908
     0 | D:1      | 0 ||| qw: Game counter: 289
     0 | D:1      | 0 ||| qw: Always use a shield: true
     0 | D:1      | 0 ||| qw: God list: Okawaru
     0 | D:1      | 0 ||| qw: Allow faded altars: false
     0 | D:1      | 0 ||| qw: Do Orc after D:15 true
     0 | D:1      | 0 ||| qw: Do second Lair branch before Depths: true
     0 | D:1      | 0 ||| qw: Lair rune preference: random
     0 | D:1      | 0 ||| qw: Plans: Normal, Zot:1-4, Slime:5, God:TSO, Crypt,
                  | Tomb, Abyss, Pan, Hells, Win
     0 | D:1      | 0 ||| PLANNING D:1-11
    43 | D:1      | 43 ||| Stepping ~*~*~tactically~*~*~ (stealth).
    93 | D:1      | Reached XP level 2. HP: 19/19 MP: 2/2
    96 | D:1      | 96 ||| Stepping ~*~*~tactically~*~*~ (stealth).
   100 | D:1      | 100 ||| FLEEEEING.
   101 | D:1      | 101 ||| FLEEEEING.
   102 | D:1      | 102 ||| FLEEEEING.
   103 | D:1      | 103 ||| FLEEEEING.
   113 | D:1      | 113 ||| Stepping ~*~*~tactically~*~*~ (stealth).
   179 | D:1      | 179 ||| Stepping ~*~*~tactically~*~*~ (hiding).
   225 | D:1      | Reached skill level 3 in Axes
   331 | D:1      | Reached XP level 3. HP: 23/23 MP: 3/3
   388 | D:1      | 388 ||| DROPPING +0 club.
   635 | D:1      | 635 ||| DROPPING scarf of shadows.
   636 | D:1      | 636 ||| UPGRADING to +0 pair of boots.
   641 | D:1      | 641 ||| READING scroll labelled PURCHA UBISTRA.
   642 | D:1      | 642 ||| READING scroll labelled CAN WIPEIN.
   730 | D:2      | 730 ||| Stepping ~*~*~tactically~*~*~ (stealth).
   735 | D:2      | 735 ||| Stepping ~*~*~tactically~*~*~ (stealth).
   739 | D:2      | 739 ||| Stepping ~*~*~tactically~*~*~ (stealth).
   834 | D:2      | Noticed Jessica
   836 | D:2      | Killed Jessica
   837 | D:2      | Reached XP level 4. HP: 26/28 MP: 4/4
   976 | D:2      | 976 ||| Stepping ~*~*~tactically~*~*~ (hiding).
  1104 | D:2      | 1104 ||| Stepping ~*~*~tactically~*~*~ (hiding).
  1289 | D:2      | Reached XP level 5. HP: 32/32 MP: 5/5
  1484 | D:2      | 1484 ||| Stepping ~*~*~tactically~*~*~ (stealth).
  1505 | D:2      | 1505 ||| UPGRADING to ring of protection from cold.
  1506 | D:2      | 1506 ||| READING 2 scrolls labelled GODOSE QONOUW.
  1507 | D:2      | 1507 ||| READING scroll labelled WIDGHIFEWOWK.
  1508 | D:2      | 1508 ||| READING scroll labelled KEVEKO WEDGHE.
  1509 | D:2      | 1509 ||| READING scroll labelled QOIPPUTOME.
  1510 | D:2      | 1510 ||| DRINKING 3 black potions.
  1511 | D:2      | 1511 ||| DRINKING 2 sapphire potions.
  1604 | D:3      | 1604 ||| PLANNING SEWER
  1833 | D:3      | 1833 ||| Stepping ~*~*~tactically~*~*~ (stealth).
  1847 | D:3      | Found a glowing drain.
  1856 | Sewer    | Entered a sewer
  1885 | Sewer    | 1885 ||| Stepping ~*~*~tactically~*~*~ (water).
  1958 | Sewer    | Noticed a kobold brigand
  1978 | Sewer    | Killed a kobold brigand
  1979 | Sewer    | Reached XP level 6. HP: 11/39 MP: 6/6
  2296 | Sewer    | 2296 ||| DRINKING 2 smoky black potions.
  2296 | Sewer    | Reached XP level 7. HP: 44/44 MP: 7/7
  2297 | Sewer    | 2297 ||| DRINKING potion of experience.
  2297 | Sewer    | Reached XP level 8. HP: 48/48 MP: 8/8
  2298 | Sewer    | 2298 ||| DRINKING 2 fuming pink potions.
  2299 | Sewer    | 2299 ||| DRINKING 2 smoky dark potions.
  2300 | Sewer    | 2300 ||| READING 2 scrolls of identify.
  2300 | Sewer    | 2300 ||| IDENTIFYING ruby potion
  2301 | Sewer    | 2301 ||| DROPPING potion of ambrosia.
  2302 | Sewer    | 2302 ||| DROPPING potion of brilliance.
  2317 | D:3      | 2317 ||| PLANNING D:1-11
  2617 | D:3      | 2617 ||| Stepping ~*~*~tactically~*~*~ (stealth).
  2738 | D:3      | 2738 ||| Stepping ~*~*~tactically~*~*~ (stealth).
  2739 | D:3      | 2739 ||| Stepping ~*~*~tactically~*~*~ (stealth).
  3018 | D:3      | 3018 ||| READING scroll labelled XINGOIGROMA.
  3019 | D:3      | 3019 ||| READING scroll labelled SAUTENORRI.
  3020 | D:3      | 3020 ||| READING scroll labelled YXAEHO ROMEUKK.
  3034 | D:4      | 3034 ||| Stepping ~*~*~tactically~*~*~ (stealth).
  3062 | D:4      | 3062 ||| Stepping ~*~*~tactically~*~*~ (stealth).
  3066 | D:4      | 3066 ||| Stepping ~*~*~tactically~*~*~ (stealth).
  3188 | D:4      | Found a glowing golden altar of the Shining One.
  3432 | D:4      | Found a stormy altar of Qazlal.
  3505 | D:4      | Found Diwnoem's Tremendous Tomes.
  3728 | D:4      | 3728 ||| UPGRADING to +0 cloak.
  3733 | D:4      | 3733 ||| UPGRADING to amulet of reflection.
  3738 | D:4      | 3738 ||| DROPPING +6 ring of intelligence.
  3739 | D:4      | 3739 ||| READING scroll labelled EMOVORCH WUGAR.
  3775 | D:4      | 3775 ||| READING scroll labelled ONYMNO LIOLOGE.
  3776 | D:4      | 3776 ||| DRINKING 2 glowing inky potions.
  3784 | D:5      | Entered Level 5 of the Dungeon
  3785 | D:5      | 3785 ||| PLANNING OSSUARY
  3801 | D:5      | Found a transporter.
  3813 | D:5      | Noticed Eustachio
  3839 | D:5      | Killed Eustachio
  3953 | D:5      | Found a sand-covered staircase.
  3968 | D:5      | 3968 ||| FLEEEEING.
  3969 | D:5      | 3969 ||| FLEEEEING.
  3971 | D:5      | 3971 ||| FLEEEEING.
  3972 | D:5      | 3972 ||| FLEEEEING.
  3973 | D:5      | 3973 ||| FLEEEEING.
  4016 | Ossuary  | Entered an ossuary
  4209 | Ossuary  | 4209 ||| READING scroll labelled DEIJ RUOMO.
  4310 | Ossuary  | 4310 ||| DRINKING 2 green potions.
  4311 | Ossuary  | 4311 ||| DRINKING 2 fizzy white potions.
  4337 | D:5      | 4337 ||| PLANNING D:1-11
  4363 | D:5      | 4363 ||| Stepping ~*~*~tactically~*~*~ (stealth).
  4384 | D:5      | Found a blossoming altar of Fedhas.
  4393 | D:5      | Found a transporter.
  4450 | D:5      | Noticed Grinder
  4451 | D:5      | 4451 ||| Stepping ~*~*~tactically~*~*~ (hiding).
  4452 | D:5      | 4452 ||| Stepping ~*~*~tactically~*~*~ (hiding).
  4453 | D:5      | 4453 ||| Stepping ~*~*~tactically~*~*~ (hiding).
  4455 | D:5      | 4455 ||| Stepping ~*~*~tactically~*~*~ (hiding).
  4461 | D:5      | Paralysed by Grinder for 5 turns
  4477 | D:5      | Killed Grinder
  4478 | D:5      | Reached XP level 9. HP: 38/55 MP: 9/9
  4584 | D:5      | Noticed Edmund
  4587 | D:5      | 4587 ||| DRINKING potion of cancellation.
  4595 | D:5      | Killed Edmund
  4621 | D:5      | 4621 ||| READING scroll of enchant weapon.
  4621 | D:5      | 4621 ||| ENCHANTING +1 war axe.
  4692 | D:5      | Reached skill level 6 in Fighting
  4762 | D:5      | Found a basalt altar of Yredelemnul.
  4822 | D:5      | Found a white marble altar of Elyvilon.
  4895 | D:5      | 4895 ||| Stepping ~*~*~tactically~*~*~ (stealth).
  4933 | D:5      | 4933 ||| FLEEEEING.
  4934 | D:5      | 4934 ||| FLEEEEING.
  5109 | D:5      | 5109 ||| UPGRADING to +0 chain mail.
  5119 | D:5      | 5119 ||| DROPPING +0 scale mail.
  5120 | D:5      | 5120 ||| READING 2 scrolls of identify.
  5120 | D:5      | 5120 ||| IDENTIFYING fizzy black potion
  5277 | D:6      | 5277 ||| Stepping ~*~*~tactically~*~*~ (hiding).
  5491 | D:6      | Found a sacrificial altar of Ru.
  5491 | D:6      | Found a hide-covered altar of Uskayaw.
  5492 | D:6      | 5492 ||| Stepping ~*~*~tactically~*~*~ (hiding).
  5493 | D:6      | 5493 ||| Stepping ~*~*~tactically~*~*~ (hiding).
  5495 | D:6      | 5495 ||| Stepping ~*~*~tactically~*~*~ (hiding).
  5606 | D:6      | Found a staircase to the Ecumenical Temple.
  5607 | D:6      | 5607 ||| PLANNING TEMPLE
  5607 | D:6      | 5607 ||| DRINKING 2 fuming brown potions.
  5608 | D:6      | 5608 ||| DROPPING potion of invisibility.
  5616 | Temple   | Entered the Ecumenical Temple
  5617 | Temple   | 5617 ||| PLANNING OKAWARU WORSHIP
  5628 | Temple   | Became a worshipper of Warmaster Okawaru
  5629 | Temple   | 5629 ||| PLANNING D:1-11
  5964 | D:7      | 5964 ||| Stepping ~*~*~tactically~*~*~ (hiding).
  5967 | D:7      | 5967 ||| Stepping ~*~*~tactically~*~*~ (hiding).
  6012 | D:7      | 6012 ||| Stepping ~*~*~tactically~*~*~ (stealth).
  6014 | D:7      | 6014 ||| Stepping ~*~*~tactically~*~*~ (stealth).
  6019 | D:7      | 6019 ||| Stepping ~*~*~tactically~*~*~ (hiding).
  6264 | D:7      | 6264 ||| Stepping ~*~*~tactically~*~*~ (hiding).
  6265 | D:7      | 6265 ||| Stepping ~*~*~tactically~*~*~ (hiding).
  6266 | D:7      | 6266 ||| Stepping ~*~*~tactically~*~*~ (hiding).
  6276 | D:7      | 6276 ||| Stepping ~*~*~tactically~*~*~ (cloud).
  6380 | D:7      | 6380 ||| Stepping ~*~*~tactically~*~*~ (hiding).
  6381 | D:7      | 6381 ||| Stepping ~*~*~tactically~*~*~ (hiding).
  6382 | D:7      | 6382 ||| Stepping ~*~*~tactically~*~*~ (hiding).
  6494 | D:7      | 6494 ||| Stepping ~*~*~tactically~*~*~ (stealth).
  6496 | D:7      | 6496 ||| Stepping ~*~*~tactically~*~*~ (hiding).
  6513 | D:7      | 6513 ||| Stepping ~*~*~tactically~*~*~ (stealth).
  6530 | D:7      | 6530 ||| READING scroll of enchant weapon.
  6530 | D:7      | 6530 ||| ENCHANTING +2 war axe.
  6539 | D:7      | Found a glowing silver altar of Zin.
  6557 | D:7      | Found a sparkling altar of Nemelex Xobeh.
  6820 | D:7      | 6820 ||| READING scroll of enchant weapon.
  6820 | D:7      | 6820 ||| ENCHANTING +3 war axe.
  6979 | D:7      | 6979 ||| UPGRADING to +0 plate armour.
  6989 | D:7      | 6989 ||| DROPPING +0 chain mail.
  6990 | D:7      | 6990 ||| READING 2 scrolls of identify.
  6990 | D:7      | 6990 ||| IDENTIFYING dark potion
  7158 | D:8      | 7158 ||| Stepping ~*~*~tactically~*~*~ (hiding).
  7169 | D:8      | Reached skill level 1 in Throwing
  7268 | D:8      | Noticed Maurice
  7286 | D:8      | HP: 13/56 [Maurice/+4 short sword of freezing (4)]
  7287 | D:8      | 7287 ||| READING 3 scrolls of teleportation.
  7287 | D:8      | Slain by Maurice

Levels and vault maps discovered:
D:1:      minmay_arrival_loop, layout_basic, minmay_misc_feat_doors,
          minivault_14, minmay_quantized
D:2:      layout_loops_ring, uniq_jessica
D:3:      layout_basic, portal_sewer_entry_b, nrook_mini_backslash,
          kennysheep_flooded_box, minivault_5
D:4:      layout_loops_ring, grunt_qazlal_clouds, old_standard_altar,
          chequers_serial_rivers_small_3, supply_closet_lemuel,
          nicolae_shop_i_like_big_books, guppyfry_early_lair_pool
D:5:      gammafunk_cloud_chamber, layout_gridville, fedhas_altar_3,
          kennysheep_ying_yang, nicolae_ossuary_entry_ruins, serial_park_tiny_1,
          uniq_edmund, uniq_eustachio, uniq_grinder
D:6:      layout_cave_pods, grunt_temple_overflow_open,
          minmay_temple_entry_metal_lava, grunt_decor_fettered
D:7:      layout_loops_ring, lemuel_tele_altar, mainiacjoe_overflow_24_doors
D:8:      minmay_bubble_buster, layout_layer_cave, worms_lemuel, uniq_maurice
Temple:   minmay_freezing_vapour_temple

Skill      XL: |  1  2  3  4  5  6  7  8  9 |
---------------+----------------------------+-----
Axes           | 2 3 4 5 10 | 10.0
Fighting       | 4 5 6 |  6.4
Dodging        | 10 | 10.6
Armour         | 4 |  4.0
Shields        | 4 |  4.0
Throwing       | 1 |  1.2

Action                     |  1- 3 |  4- 6 |  7- 9 || total
---------------------------+-------+-------+-------++-------
  Melee: War axe           |   100 |   169 |   360 ||   629
         Unarmed           |       |       |    14 ||    14
  Throw: Boomerang         |       |       |     3 ||     3
    Use: Scroll            |     2 |     4 |    13 ||    19
         Potion            |       |     3 |     8 ||    11
 Armour: Scale mail        |    56 |   105 |    65 ||   226
         Chain mail        |       |       |    56 ||    56
         Plate armour      |       |       |     5 ||     5
         Skin              |       |       |     1 ||     1
  Dodge: Dodged            |    47 |    71 |   137 ||   255
  Block: Buckler           |    20 |    23 |   116 ||   159
         Other             |       |       |     3 ||     3
         Reflection        |       |       |     2 ||     2

Table legend:
 A = Non-vault XP
 B = Vault XP
 C = Vault XP percentage of total XP
 D = Non-vault monster count
 E = Vault monster count
 F = Vault count percentage of total count
                 A         B        C        D         E       F
            +---------+---------+-------+---------+---------+-------
      Total |    2467 |     966 |  28.1 |     138 |      52 |  27.4
            +---------+---------+-------+---------+---------+-------
        D:1 |      58 |       7 |  10.8 |      27 |       5 |  15.6
        D:2 |      67 |      37 |  35.6 |      20 |       1 |   4.8
        D:3 |      49 |      28 |  36.4 |      20 |       3 |  13.0
        D:4 |     315 |       0 |   0.0 |      18 |       0 |   0.0
        D:5 |     548 |     620 |  53.1 |      20 |       3 |  13.0
        D:6 |     574 |       0 |   0.0 |      17 |       0 |   0.0
        D:7 |     669 |       0 |   0.0 |      15 |       0 |   0.0
        D:8 |     187 |       0 |   0.0 |       1 |       0 |   0.0
      Sewer |       0 |     125 | 100.0 |       0 |      24 | 100.0
    Ossuary |       0 |     149 | 100.0 |       0 |      16 | 100.0
            +---------+---------+-------+---------+---------+-------
